 Dungeon Crawl Stone Soup version 0.20-a0-256-gabb291d (console) character file.

6615 Eviona the Grappler (level 10, -2/70 (71) HPs)
             Began as a Red Draconian Transmuter on Dec 1, 2016.
             Was an Elder of Makhleb.
             Killed from afar by a steam dragon (22 damage)
             ... with a ball of steam
             ... on level 9 of the Dungeon.
             The game lasted 00:28:44 (11980 turns).

Eviona the Grappler (Red Draconian Transmuter)     Turns: 11980, Time: 00:28:44

HP:   -2/70 (71)    AC:  2    Str: 13    XL:     10   Next: 72%
MP:   10/13         EV: 22    Int: 16    God:    Makhleb [****..]
Gold: 532           SH:  0    Dex: 17    Spells: 5/13 levels left

rFire  . . .     SeeInvis .       - Unarmed
rCold  . . .     Gourm    .     (armour unavailable)
rNeg   . . .     Faith    .     (shield currently unavailable)
rPois  x         Spirit   .     (helmet currently unavailable)
rElec  .         Reflect  .     (cloak currently unavailable)
rCorr  .         Harm     .     (gloves currently unavailable)
MR     .....                    (boots currently unavailable)
Stlth  ++........               (no amulet)
                                (no ring)
                                (no ring)

@: spider-form
A: (breathe fire), unfitting armour, (fire resistance 0), (cold-blooded), AC +7
a: End Transformation, Minor Destruction, Lesser Servant of Makhleb, Major
Destruction, Renounce Religion


You were on level 9 of the Dungeon.
You worshipped Makhleb.
Makhleb was greatly pleased with you.
You were not hungry.
You were a venomous arachnid creature.
You visited 1 branch of the dungeon, and saw 9 of its levels.
You also visited: Sewer.

You collected 532 gold pieces.

Inventory:

Missiles
 e - 17 arrows
 i - 314 stones (quivered)
Armour
 a - a +1 pair of gloves (melded)
 G - a cursed +0 pair of boots (melded)
 S - a +1 hat (melded)
 U - a +0 cloak (melded)
Jewellery
 j - an uncursed ring of ice {unknown}
 o - an uncursed ring of protection from magic {unknown}
 H - an uncursed ring of magical power {unknown}
 K - a +2 amulet of reflection {unknown}
 O - an uncursed amulet of faith {unknown}
 V - an uncursed ring of positive energy {unknown}
Wands
 p - a wand of digging (1/24)
 x - a wand of polymorph (5/24)
 I - a wand of iceblast (11/15)
 M - a wand of acid (1/15)
 N - a wand of confusion (21/48)
 P - a wand of iceblast (2/15)
 Q - a wand of flame (35/48)
Scrolls
 d - a scroll of immolation
 f - 8 scrolls of remove curse
 h - 2 scrolls of magic mapping
 k - 4 scrolls of enchant armour
 l - 4 scrolls of fog
 n - 3 scrolls of recharging
 s - 3 scrolls of blinking
 u - 2 scrolls of teleportation
 w - 3 scrolls of amnesia
 y - a scroll of noise
Potions
 g - 2 potions of cure mutation
 m - a potion of ambrosia
 q - a potion of mutation {unknown}
 t - 2 potions of degeneration {unknown}
 z - 7 potions of brilliance {unknown}
 A - 8 potions of curing {unknown}
 B - 3 potions of might {unknown}
 C - a potion of flight {unknown}
 D - 2 potions of heal wounds {unknown}
 E - 2 potions of invisibility {unknown}
 J - 3 potions of lignification {unknown}
 L - a potion of berserk rage {unknown}
 R - a potion of agility {unknown}
 Y - a potion of haste {unknown}
Books
 b - a book of Changes

   Spells                             Type                      Level
   a - Beastly Appendage              Transmutation                1
   b - Sticks to Snakes               Transmutation                2
   c - Spider Form                    Transmutation/Poison         3
   d - Ice Form                       Ice/Transmutation            4
   e - Blade Hands                    Transmutation                5
 r - Vehumet's Compendium of Confrontation
   (You found it on level 8 of the Dungeon)

   Spells                             Type                      Level
   a - Flame Tongue                   Conjuration/Fire             1
 F - the Guide on Virous Shape Shifting
   (You found it on level 6 of the Dungeon)

   Spells                             Type                      Level
   a - Sting                          Conjuration/Poison           1
   b - Beastly Appendage              Transmutation                1
   c - Passwall                       Transmutation/Earth          2
   d - Ignite Poison                  Fire/Transmutation/Poison    3
   e - Olgreb's Toxic Radiance        Poison                       4
   f - Petrify                        Transmutation/Earth          4
   g - Blade Hands                    Transmutation                5
 T - a book of Enchantments

   Spells                             Type                      Level
   a - Cause Fear                     Hexes                        4
   b - Yara's Violent Unravelling     Hexes/Transmutation          5
   c - Silence                        Hexes/Air                    5
   d - Deflect Missiles               Charms/Air                   6
   e - Discord                        Hexes                        8
 Z - a book of Misfortune

   Spells                             Type                      Level
   a - Confusing Touch                Hexes                        1
   b - Confuse                        Hexes                        3
   c - Gell's Gravitas                Hexes/Translocation          3
   d - Petrify                        Transmutation/Earth          4
   e - Metabolic Englaciation         Hexes/Ice                    5
   f - Yara's Violent Unravelling     Hexes/Transmutation          5
Comestibles
 c - 13 bread rations
 v - 5 fruits
 W - a meat ration


   Skills:
 - Level 1.1 Fighting
 - Level 4.0 Dodging
 - Level 14.0 Unarmed Combat
 - Level 2.0 Spellcasting
 + Level 7.2 Transmutations


You had 5 spell levels left.
You knew the following spells:

 Your Spells              Type           Power        Failure   Level  Hunger
a - Blade Hands           Tmut           ###.......   56%         5    ######.
b - Spider Form           Tmut/Pois      ##........   32%         3    ###....


Dungeon Overview and Level Annotations

Branches:
Dungeon (9/15)             Temple (0/1) D:6            Lair (0/6) D:9
    Orc: D:9-12

Altars:
Ashenzari
Dithmenos
Elyvilon
Gozag
Hepliaklqana
Kikubaaqudgha
Makhleb
Okawaru
Qazlal
Sif Muna
Vehumet
Xom
Zin

Shops:
D:4 :   D:5 [

Annotations:
D:8 Fear's ghost, novice DsWn
D:9 Prince Ribbit


Innate Abilities, Weirdness & Mutations

((You can breathe blasts of fire.))
((Your fiery red scales are hard. (AC +7)))
You cannot fit into any form of body armour.
((Your flesh is heat resistant. (rF+)))
((You are cold-blooded and may be slowed by cold attacks.))


Message History

You bite the steam dragon!
The steam dragon looks as sick as possible!
The steam dragon is severely wounded.
You are engulfed in a cloud of scalding steam.
The steam dragon completely misses you. The steam dragon closely misses you.
You barely miss the steam dragon.
The steam dragon is severely wounded.
The steam dragon bites you!
* * * LOW HITPOINT WARNING * * *
The steam dragon completely misses you.
You barely miss the steam dragon.
The steam dragon is severely wounded.
The steam dragon misses you.
The steam dragon claws you but does no damage.
You hit the steam dragon but do no damage.
The steam dragon looks as sick as possible!
The steam dragon is severely wounded.
The steam dragon breathes steam at you. The ball of steam hits you!
You die...

...##.## ...#...###.#
...........# ...#...####
##.##..######## ...##.........#
..............# #########
##Y##.#..###..#### ######..)....#
......#..#...))..# #......#####.#
.[l####..#.#00##D###.###..#####.#
...# #....)).##s..).# #.....##.#
#### #.....#.######.###..##.##.#
.# ####.###.# #............# .#
###.#.## ###..(....#### .#
###.....# #.####..### ...
..##.##..########.#.......#
.####.. #^#............#.......#
.....# ##.#..###.......#..#....#
y...###.#....# #.......#)....#.#
.....#.####..###.......%....##.#
.#.##..# #...........##.##.##.#


You could see a steam dragon.

Vanquished Creatures
  The ghost of mathmaestro the Conjurer, a novice NaWz of Vehumet (D:6)
  A deep elf mage (D:8)
  Grinder (D:5)
  A yak (D:9)
  A spriggan (D:7)
  Eustachio (D:5)
  A basilisk (D:9)
  A hungry ghost (D:8)
  A water moccasin (D:6)
  An ice beast (D:6)
  3 orc warriors
  2 black bears (D:9)
  Duvessa (D:5)
  3 ogres
  5 sky beasts
  2 necrophages (D:8)
  A centaur (D:5)
  4 big kobolds (Sewer)
  7 bullfrogs
  A water moccasin zombie (D:6)
  Dowan (D:5)
  A scorpion (D:7)
  4 killer bees (D:9)
  5 howler monkeys
  8 crimson imps
  2 centaur zombies
  A jelly (D:8)
  2 gnoll shamans
  A bullfrog skeleton (D:4)
  5 hounds
  6 orc priests
  10 orc wizards
  A centaur skeleton (D:6)
  3 iguanas
  Natasha (thrice) (D:2)
  5 worker ants
  2 hound skeletons
  A worker ant zombie (D:6)
  8 adders
  11 gnolls
  2 howler monkey skeletons
  2 river rats (D:4)
  2 shadow imps
  A white imp (D:9)
  An ooze (D:1)
  An adder zombie (D:6)
  An adder skeleton (D:5)
  7 worms
  2 dart slugs
  6 leopard geckos
  26 orcs
  10 giant cockroaches
  9 hobgoblins
  4 jackals (D:1)
  3 quokkas
  7 ball pythons
  12 bats
  8 frilled lizards
  6 goblins
  A jackal skeleton (D:4)
  18 kobolds
  A quokka skeleton (D:7)
  11 rats
260 creatures vanquished.

Notes
Turn   | Place    | Note
-------+----------+-------------------------------------------
     0 | D:1      | Eviona the Draconian Transmuter began the quest for the Orb.
     0 | D:1      | Reached XP level 1. HP: 16/16 MP: 3/3
   198 | D:1      | Reached XP level 2. HP: 17/23 MP: 3/5
   638 | D:1      | Reached XP level 3. HP: 27/28 MP: 4/6
   671 | D:1      | Learned a level 3 spell: Spider Form
  1046 | D:2      | Found a shattered altar of Ashenzari.
  1106 | D:2      | Found a shimmering altar of Xom.
  1109 | D:2      | Found a burning altar of Makhleb.
  1298 | D:2      | Reached XP level 4. HP: 25/35 MP: 5/7
  1324 | D:2      | Found a hazy altar of Hepliaklqana.
  1418 | D:2      | Noticed Natasha
  1430 | D:2      | Killed Natasha
  1542 | D:2      | Found a shadowy altar of Dithmenos.
  1661 | D:2      | Noticed Natasha
  1667 | D:2      | Killed Natasha
  1667 | D:2      | Reached skill level 4 in Unarmed Combat
  1725 | D:2      | Noticed Natasha
  1733 | D:2      | Killed Natasha
  1733 | D:2      | Reached XP level 5. HP: 4/40 MP: 5/8
  2405 | D:3      | Reached skill level 5 in Unarmed Combat
  2810 | D:2      | Became a worshipper of Makhleb the Destroyer
  2910 | D:3      | Found an iron altar of Okawaru.
  3033 | D:4      | Found a glowing drain.
  3048 | D:4      | Reached XP level 6. HP: 21/47 MP: 6/9
  3175 | Sewer    | Entered a sewer
  3316 | Sewer    | Reached skill level 6 in Unarmed Combat
  3633 | Sewer    | Reached * piety under Makhleb
  3709 | Sewer    | Reached skill level 7 in Unarmed Combat
  3709 | Sewer    | Your scales start taking on a fiery red colour.
  3709 | Sewer    | Reached XP level 7. HP: 11/52 MP: 6/10
  3709 | Sewer    | Gained mutation: Your flesh is heat resistant. (rF+) [Red Draconian growth]
  5030 | D:4      | Found Ponounn's Book Shoppe.
  5065 | D:4      | Reached skill level 8 in Unarmed Combat
  5247 | D:5      | Entered Level 5 of the Dungeon
  5435 | D:5      | Found Zugygor's Armour Boutique.
  5565 | D:5      | Reached ** piety under Makhleb
  5571 | D:5      | Reached XP level 8. HP: 59/59 MP: 8/11
  5785 | D:5      | Noticed Grinder
  5786 | D:5      | Paralysed by Grinder for 4 turns
  5796 | D:5      | Killed Grinder
  5796 | D:5      | Reached skill level 9 in Unarmed Combat
  5831 | D:5      | Noticed Duvessa
  5831 | D:5      | Noticed Dowan
  5838 | D:5      | Killed Dowan
  5842 | D:5      | HP: 2/59 [Duvessa/short sword (14)]
  5844 | D:5      | Killed Duvessa
  6466 | D:6      | Noticed Eustachio
  6491 | D:5      | Killed Eustachio
  6491 | D:5      | Reached skill level 10 in Unarmed Combat
  6979 | D:6      | Noticed mathmaestro's ghost (novice NaWz)
  7193 | D:6      | Reached skill level 11 in Unarmed Combat
  7235 | D:6      | Reached XP level 9. HP: 36/64 MP: 4/12
  7581 | D:6      | Identified the Guide on Virous Shape Shifting
  7989 | D:6      | Found a staircase to the Ecumenical Temple.
  8168 | D:6      | Killed mathmaestro's ghost
  8168 | D:6      | Reached skill level 12 in Unarmed Combat
  8219 | D:6      | Found an opulent altar of Gozag.
  8219 | D:6      | Found a glowing silver altar of Zin.
  8667 | D:7      | Reached skill level 13 in Unarmed Combat
  8898 | D:7      | Found a white marble altar of Elyvilon.
  9331 | D:8      | Reached XP level 10. HP: 69/71 MP: 9/13
  9345 | D:8      | Noticed a deep elf mage
  9370 | D:8      | Killed a deep elf mage
  9434 | D:8      | Reached *** piety under Makhleb
  9434 | D:8      | Reached skill level 14 in Unarmed Combat
  9618 | D:8      | Noticed Fear's ghost (novice DsWn)
 10554 | D:8      | Found a radiant altar of Vehumet.
 10561 | D:8      | Identified Vehumet's Compendium of Confrontation
 10568 | D:8      | Found an ancient bone altar of Kikubaaqudgha.
 10581 | D:8      | Found a deep blue altar of Sif Muna.
 10606 | D:8      | Found a stormy altar of Qazlal.
 11068 | D:9      | Reached skill level 5 in Transmutations
 11250 | D:9      | Learned a level 5 spell: Blade Hands
 11491 | D:9      | Found a staircase to the Lair.
 11491 | D:9      | Noticed an elephant
 11491 | D:9      | Noticed Prince Ribbit
 11569 | D:9      | Reached **** piety under Makhleb
 11980 | D:9      | Killed from afar by a steam dragon

Vault maps used:
D:1:      lightli_arrival_isolated_outpost
D:2:      chequers_temple_overflow_statue_of_worship,
          nicolae_dithmenos_through_a_glass_darkly,
          nicolae_overflow_crystal_walls, first_bread,
          nicolae_ashenzari_panopticon, uniq_natasha
D:3:      lemuel_coloured_pillars_altar, minmay_close_crescents
D:4:      serial_shops, shop, portal_sewer_entry_a
D:5:      serial_shops, shop, uniq_duvessa, uniq_grinder
D:6:      grunt_temple_overflow_gold_and_silver, uniq_eustachio
D:7:      basic_altar, the_bakery
D:8:      minmay_cornered_nines, palyth_temple_overflow_mages,
          nicolae_qazlal_style_of_elements, serial_corexii_hall,
          corexii_hall_statues_i, corexii_hall_statues_u
D:9:      lightli_temple_of_fire, david_lair_generic, minmay_nine_imps,
          uniq_prince_ribbit1
Sewer:    kennysheep_pipe_town

Skill      XL: |  1  2  3  4  5  6  7  8  9 10 |
---------------+-------------------------------+-----
Transmutations | 3 4 7 |  7.2
Unarmed Combat | 4 5 7 8 11 13 14 | 14.0
Dodging        | 4 |  4.0
Fighting       | |  1.1
Spellcasting   | |  2.0

Action                   |  1- 3 |  4- 6 |  7- 9 | 10-12 || total
-------------------------+-------+-------+-------+-------++-------
Melee: Unarmed           |   156 |   219 |   322 |   205 ||   902
       Kick              |    20 |       |       |       ||    20
       Tailslap          |    13 |    10 |     6 |     2 ||    31
       Headbutt          |     5 |       |       |       ||     5
       Punch             |     3 |     4 |     1 |       ||     8
Throw: Stone             |     2 |     2 |     3 |     2 ||     9
 Cast: Beastly Appendage |    23 |     2 |       |       ||    25
       Spider Form       |       |    30 |    53 |    26 ||   109
  Use: Scroll            |       |       |       |    15 ||    15
       Potion            |       |       |       |     1 ||     1
 Stab: Sleeping          |     1 |     1 |     2 |     1 ||     5
  Eat: Chunk             |     2 |    13 |    23 |    16 ||    54
       Fruit             |       |       |     3 |       ||     3
       Beef jerky        |       |       |     1 |       ||     1
Armor: Skin              |    45 |    46 |    21 |    10 ||   122
Dodge: Dodged            |    89 |   185 |   221 |   100 ||   595
